 Dungeon Crawl Stone Soup version 0.28.0-62-gf88900778d (webtiles) character file.

Game seed: 12361912979676945521

225128 cbfl8 the Hoplite (level 18, -10/134 HPs)
             Began as a Minotaur Fighter on Sept 11, 2023.
             Was the Champion of Hepliaklqana.
             Mangled by a 19-headed hydra (11 damage)
             ... on level 3 of the Swamp on Sept 12, 2023.
             The game lasted 01:06:16 (42958 turns).

cbfl8 the Hoplite (Minotaur Fighter)               Turns: 42958, Time: 01:06:16

Health: -10/134    AC: 24    Str: 27    XL:     18   Next: 98%
Magic:  18/18      EV:  7    Int: 11    God:    Hepliaklqana [******]
Gold:   1241       SH: 30    Dex: 23    Spells: 17/17 levels left

rFire   + . .      SeeInvis .   c - +6 broad axe (spect)
rCold   + + .      Faith    .   g - +0 tower shield {rC+}
rNeg    + . .      Spirit   .   G - +2 plate armour {rN+}
rPois   +          Reflect  +   C - +0 hat of Fedhas's Scorn {Str+5}
rElec   +          Harm     .   D - +0 cloak
rCorr   .          Rampage  .   O - +1 pair of gloves of Hedging {rPois Int+6 Stlth-}
Will    ++...      Clarity  +   (no boots)
Stlth   ..........              k - amulet of reflection
HPRegen 1.12/turn               x - ring of Satyriasis {rElec rF+ rC+ Will+}
MPRegen 0.16/turn               b - +6 ring of dexterity

@: no status effects
A: reduced essence, horns 2, retaliatory headbutt, clarity, frail 1,
regeneration 1
a: Renounce Religion, Recall Ancestor, Ancestor Identity, Transference, Idealise


You were on level 3 of the Swamp.
You worshipped Hepliaklqana.
Hepliaklqana was exalted by your worship.
You visited 6 branches of the dungeon, and saw 32 of its levels.
You also visited: Ossuary, Bailey and Ice Cave.

You collected 3271 gold pieces.
You spent 2030 gold pieces at shops.

Inventory:

Hand Weapons
 c - a +6 spectral broad axe (weapon)
 K - a +2 war axe of venom
Missiles
 l - 4 throwing nets
Armour
 d - the +3 salamander hide armour {Flames rF++ rC--}
   (You found it on level 11 of the Dungeon)

   It surrounds you with a cloud of flames.
   It grants immunity to clouds of flame.
   It enhances your fire magic.
   rF:        It greatly protects you from fire.
   rC:        It makes you very vulnerable to cold.
 g - a +0 tower shield of cold resistance (worn)
 C - the +0 hat of Fedhas's Scorn (worn) {Str+5}
   (You acquired it on level 11 of the Dungeon)

   Str:       It affects your strength (+5).
 D - a +0 cloak (worn)
 G - a +2 plate armour of positive energy (worn)
 O - the +1 pair of gloves of Hedging (worn) {rPois Int+6 Stlth-}
   (You found it in an ice cave)

   Int:       It affects your intelligence (+6).
   rPois:     It protects you from poison.
   Stlth:     It makes you less stealthy.
Jewellery
 b - a +6 ring of dexterity (right hand)
 k - an amulet of reflection (around neck)
 q - a ring of flight
 x - the ring of Satyriasis (left hand) {rElec rF+ rC+ Will+}
   (You bought it in a shop on level 5 of the Dungeon)

   [ring of protection from cold]

   rF:        It protects you from fire.
   rC:        It protects you from cold.
   rElec:     It insulates you from electricity.
   Will:      It increases your willpower.
 X - a ring of magical power
Wands
 i - a wand of paralysis (2)
 m - a wand of flame (48)
 t - a wand of mindburst (33)
 u - a wand of iceblast (34)
 y - a wand of digging (19)
 H - a wand of polymorph (9)
 R - a wand of acid (11) (quivered)
Scrolls
 a - 2 scrolls of holy word
 h - 6 scrolls of fog
 n - 2 scrolls of magic mapping
 p - 6 scrolls of immolation
 s - 3 scrolls of noise
 E - 3 scrolls of fear
 L - 7 scrolls of enchant armour
 P - a scroll of brand weapon
 S - a scroll of blinking
 T - 3 scrolls of teleportation
 U - a scroll of silence
 V - a scroll of enchant weapon
 W - a scroll of summoning
Potions
 e - 4 potions of haste
 f - 6 potions of mutation
 j - 8 potions of flight
 o - a potion of resistance
 r - 13 potions of ambrosia
 v - 3 potions of invisibility
 w - a potion of cancellation
 z - 4 potions of might
 B - 6 potions of lignification
 F - 17 potions of curing
 Q - 2 potions of heal wounds
Miscellaneous
 A - a phial of floods
 I - a lightning rod (4/4)
 J - a tin of tremorstones (2/2)
 M - a box of beasts
 N - a piece from Xom's chessboard (15/15)


   Skills:
 + Level 16.7 Fighting
 - Level 19.9(20.0) Axes
 - Level 2.0(13.2) Maces & Flails
 + Level 17.5 Armour
 + Level 22.1 Shields
 + Level 1.6 Invocations
 * Level 14.5 Evocations


You had 17 spell levels left.
You didn't know any spells.
Your spell library contained the following spells:

 Spells                   Type           Power      Damage    Failure   Level
 Apportation              Tloc           0%         N/A       97%         1
 Magic Dart               Conj           0%         1d3       97%         1
 Summon Small Mammal      Summ           0%         N/A       97%         1
 Call Imp                 Summ           0%         N/A       99%         2
 Ensorcelled Hibernation  Hex/Ice        0%         N/A       99%         2
 Passwall                 Tmut/Erth      0%         N/A       99%         2
 Call Canine Familiar     Summ           0%         N/A       100%        3
 Ignite Poison            Fire/Tmut/Pois 0%         N/A       100%        3
 Mephitic Cloud           Conj/Pois/Air  0%         N/A       100%        3
 Summon Guardian Golem    Hex/Summ       0%         N/A       100%        3
 Swiftness                Air            0%         N/A       100%        3
 Fulminant Prism          Conj/Hex       0%         3d6       100%        4
 Hailstorm                Conj/Ice       0%         3d3       100%        4
 Ice Form                 Ice/Tmut       0%         N/A       100%        4
 Iskenderun's Mystic Bla  Conj/Tloc      0%         2d3       100%        4
 Summon Lightning Spire   Summ/Air       0%         N/A       100%        4
 Alistair's Intoxication  Tmut/Pois      0%         N/A       100%        5
 Freezing Cloud           Conj/Ice/Air   0%         6-21      100%        5
 Lee's Rapid Deconstruct  Erth           0%         3d5*      100%        5
 Simulacrum               Ice/Necr       0%         N/A       100%        6
 Storm Form               Tmut/Air       0%         N/A       100%        7
 Borgnjor's Revivificati  Necr           0%         N/A       100%        8
 Maxwell's Capacitive Co  Air            0%         ∞         100%        8
 Necromutation            Tmut/Necr      0%         N/A       100%        8
 Death's Door             Necr           0%         N/A       100%        9


Dungeon Overview and Level Annotations

Branches:
Dungeon (15/15)            Temple (1/1) D:6            Lair (6/6) D:8
  Swamp (4/4) Lair:3        Snake (4/4) Lair:3        Slime (0/5) Lair:5
    Orc (2/2) D:12            Elf (0/3) Orc:2        Vaults (0/5) D:13
 Depths (0/4) D:15        Ossuary (visited)          Bailey (visited)
  IceCv (visited)

Altars:
Ashenzari
Cheibriados
Dithmenos
Elyvilon
Hepliaklqana
Kikubaaqudgha
Makhleb
Nemelex Xobeh
Okawaru
Qazlal
Ru
Sif Muna
Trog
Uskayaw
Vehumet
Wu Jian
Xom
Yredelemnul
Zin
The Shining One
Beogh
Jiyva

Shops:
D:1 **?   D:3 *   D:5 =   D:11 *   D:13 :   Orc:1 ![=((   Orc:2 :?(!
Snake:1 (=

Portals:
Pandemonium: Orc:2


Innate Abilities, Weirdness & Mutations

Your life essence is reduced to manifest your ancestor. (-10% HP)
You have a pair of horns on your head.
You reflexively headbutt those who attack you in melee.
You possess an exceptional clarity of mind.
You are frail. (-10% HP)
Your natural rate of healing is unusually fast.


Message History

The 17-headed hydra bites you but does no damage. x2
You block the 17-headed hydra's attack.
The 17-headed hydra bites you but does no damage. x2
The spriggan druid casts a spell.
The forest starts to sway and rumble!
Valentine hits the spriggan druid with a +0 quarterstaff!
With its final breath, the spriggan druid offers up its power to the beasts of the wild!
The 17-headed hydra is healed.
The swamp drake seems to grow more fierce.
The 17-headed hydra seems to grow more fierce.
The swamp drake seems to grow more fierce.
The six-headed hydra seems to grow more fierce.
The spriggan druid dies!
The forest abruptly stops moving.
The swamp drake barely misses you. You furiously retaliate!
You headbutt the swamp drake, but do no damage.
You climb upwards.
There is a stone staircase leading down, spattered with blood here.
Unknown command.
You slash the swamp drake!
You kill the swamp drake!
You chop one of the 17-headed hydra's heads off!
The 16-headed hydra grows two more!
You slash the 18-headed hydra!
Your +6 spectral broad axe hits the 18-headed hydra!!
Your +6 spectral broad axe hacks one of the 18-headed hydra's heads off!
The 17-headed hydra grows two more!
You block the 19-headed hydra's attack.
The 19-headed hydra completely misses you.
You block the 19-headed hydra's attack. The 19-headed hydra bites you!
You block the 19-headed hydra's attack. x2
The 19-headed hydra bites you but does no damage.
You block the 19-headed hydra's attack. x2; The 19-headed hydra bites you!
* * * LOW HITPOINT WARNING * * *
The 19-headed hydra bites you!
* * * LOW HITPOINT WARNING * * *
The 19-headed hydra bites you but does no damage.
The 19-headed hydra bites you!
* * * LOW HITPOINT WARNING * * *
The 19-headed hydra bites you but does no damage.
The 19-headed hydra closely misses you. The 19-headed hydra bites you!
You die...

.≈≈≈♣♣ ♣♣♣♣≈.≈≈≈.♣♣♣♣♣≈♣.≈♣♣(..♣.
.≈≈≈≈♣♣♣≈....≈≈≈♣♣ ♣♣≈≈.≈≈♣♣♣♣♣♣.
♣♣≈♣≈....≈≈.≈.<♣♣ ♣♣.....≈♣ ♣♣♣.≈
♣♣♣.≈≈≈≈≈≈.≈≈♣♣ ♣≈≈≈≈≈§.♣♣♣.♣♣≈
♣♣≈.≈≈≈†..§.≈♣ ♣♣.≈≈≈≈≈≈.♣..≈♣≈
♣..≈≈≈.♣♣♣≈..♣ ♣≈.≈≈≈≈≈≈.♣§..♣♣
♣.≈≈.♣..♣♣≈..♣♣♣♣♣.≈§≈≈≈≈.♣♣.≈≈≈
♣.≈≈≈♣..♣♣≈≈≈≈R♣..≈≈≈≈≈≈..≈♣...≈
♣≈......♣♣.≈≈≈D@.≈≈≈≈≈≈≈.♣♣♣.≈≈≈
♣♣....≈≈♣♣.≈≈≈(..≈≈≈≈§§≈.♣♣♣≈≈≈≈
♣♣♣≈≈.≈≈≈♣.≈≈≈..≈≈≈≈≈≈≈≈..≈♣≈...
♣♣≈.≈♣.....≈≈≈≈.≈≈≈≈≈§≈..≈≈..≈..♣
♣§......≈.≈≈≈≈≈..≈§§≈≈≈≈≈≈≈...≈≈.
♣≈..§≈§.≈.≈≈≈≈.♣≈≈≈♣♣..≈≈≈≈..♣.≈≈
♣≈≈≈≈≈≈...≈♣...≈≈♣♣♣♣♣♣♣.≈.....≈♣
≈≈≈≈.......♣.≈≈..♣ ♣.≈§≈≈≈≈≈..
.≈≈..♣♣♣....≈≈≈..♣ ♣.≈≈≈≈≈≈§≈≈


You could see the friendly Valentine the battlemage, a 19-headed hydra (strong)
and a friendly +6 spectral broad axe (summoned).

Vanquished Creatures
  3 thorn hunters
  2 nagarajas
  A fenstrider witch (Swamp:1)
  A fire giant (D:15)
  Aizul (Snake:3)
  7 eleionomae
  A bunyip (Swamp:4)
  A minotaur (D:11)
  The ghost of sigtrap the Grappler, a journeyman TrBe of Trog (Lair:1)
  The ghost of hogiebunz the Fighter, a journeyman GrBe of Trog (Lair:1)
  19 hydras
  An ice dragon (Lair:4)
  Harold (Lair:2)
  7 anacondas
  3 demonspawn (Orc:2)
  2 boulder beetles
  7 naga warriors
  A catoblepas (Lair:3)
  2 ironbound frosthearts (IceCv)
  A centaur warrior (D:13)
  17 death yaks
  2 two-headed ogres
  10 alligators
  3 tengu warriors (D:13)
  6 orc high priests (Orc:2)
  6 naga sharpshooters
  The ghost of macfelon the Destroyer, a novice HuCj of Vehumet (Lair:1)
  7 shock serpents
  2 sun demons (Orc:2)
  A salamander mystic (Snake:1)
  A sea snake (Snake:3)
  A death drake (Swamp:4)
  A goliath frog (Swamp:2)
  2 naga ritualists
  2 bog bodies (Swamp:1)
  4 spriggan druids
  A wizard (D:14)
  10 swamp dragons
  2 deep elf pyromancers
  4 orc knights
  A deep elf zephyrmancer (D:12)
  9 mana vipers
  A necromancer (D:15)
  8 orc sorcerers (Orc:2)
  4 will-o-the-wisps
  4 ugly things (D:15)
  An oklob plant (Lair:2)
  7 cyclopes
  3 manticores
  4 salamanders
  3 torpor snails
  14 elephants
  A guardian serpent (Snake:4)
  25 black mambas
  11 naga magi
  An ice statue (IceCv)
  2 gargoyles
  A kobold demonologist (D:12)
  10 cane toads
  2 rime drakes
  An efreet (D:12)
  12 komodo dragons
  3 ice devils
  A red devil (Orc:2)
  A troll (shapeshifter) (D:13)
  A meliai (D:15)
  2 trolls
  13 polar bears
  8 tyrant leeches
  6 hornets
  Grinder (D:6)
  11 blink frogs
  A dream sheep (Lair:6)
  7 slime creatures
  A meliai zombie (D:11)
  A shadow (D:12)
  2 wyverns
  10 spriggans
  2 vampires
  3 basilisks
  A human (shapeshifter) (D:14)
  2 wraiths
  49 yaks
  2 steam dragons
  Grum (D:11)
  13 vampire mosquitoes
  9 swamp worms
  2 wargs (Orc:2)
  23 nagas
  An acid dragon (D:9)
  10 water moccasins
  7 swamp drakes
  A sky beast (D:8)
  28 orc warriors
  A hornet zombie (D:5)
  2 black bears (Lair:6)
  10 centaurs
  4 ogres
  29 wolves
  5 boggarts (Lair:6)
  A phantom (D:5)
  An elf zombie (Ossuary)
  9 bullfrogs
  5 kobold brigands (D:6)
  A scorpion (D:4)
  A gnoll sergeant (D:9)
  A hornet simulacrum (D:14)
  20 killer bees
  A water moccasin skeleton (D:6)
  3 electric eels (Snake:3)
  6 wights
  9 vampire bats (Bailey)
  2 wolf zombies (Bailey)
  2 howler monkeys
  3 centaur zombies
  3 hounds
  3 jellies (D:6)
  A bullfrog zombie (D:5)
  24 orc priests
  A human zombie (D:5)
  5 hell rats (Lair:6)
  An iguana (D:6)
  15 orc wizards
  3 scorpion zombies (D:5)
  4 yak simulacra (D:15)
  3 polar bear simulacra (D:15)
  2 wolf simulacra (D:15)
  2 hound zombies (D:5)
  4 mummies
  A howler monkey zombie (D:8)
  5 gnolls
  8 adders
  A shadow imp (D:7)
  A white imp (D:7)
  2 ufetubi (D:4)
  A worm (D:3)
  A dart slug (D:1)
  75 orcs
  7 bats
  13 endoplasms
  4 giant cockroaches
  8 goblins
  5 hobgoblins
  4 jackals (D:1)
  4 quokkas
  9 ball pythons
  4 frilled lizards
  3 goblin zombies (Ossuary)
  2 hobgoblin zombies (Ossuary)
  14 kobolds
  3 kobold zombies (Ossuary)
  11 orc zombies (Bailey)
  6 rats
  A spectral orc (D:9)
  3 briar patches (Snake:3)
877 creatures vanquished.

Vanquished Creatures (collateral kills)
  Vashnia (Snake:3)
  Jorgrun (D:14)
  2 tentacled monstrosities
  A fenstrider witch (Swamp:4)
  An eleionoma (Swamp:1)
  A bunyip (Swamp:1)
  Snorg (D:11)
  A shambling mangrove (Swamp:4)
  2 boulder beetles
  A naga warrior (Snake:2)
  4 hydras
  A catoblepas (D:14)
  6 alligators
  A dancing weapon (D:7)
  A two-headed ogre (D:11)
  A death yak (IceCv)
  A naga sharpshooter (Snake:3)
  A spriggan berserker (Swamp:2)
  2 shock serpents
  2 goliath frogs (Swamp:1)
  The ghost of cbfl8 the Chopper, a novice DsFi of Okawaru (D:7)
  A flayed ghost (D:12)
  2 spriggan druids
  2 swamp dragons
  2 naga ritualists (Snake:1)
  3 orc knights
  A manticore (D:15)
  A cyclops (D:12)
  An orc sorcerer (Orc:1)
  2 ugly things (D:15)
  A salamander (Snake:2)
  A salamander (shapeshifter) (D:15)
  A will-o-the-wisp (Swamp:1)
  A guardian serpent (Snake:3)
  7 black mambas
  An orange demon (Orc:2)
  A gargoyle (D:11)
  4 elephants
  A torpor snail (D:12)
  A naga mage (Snake:1)
  2 unseen horrors
  A komodo dragon (Lair:6)
  An anaconda simulacrum (Lair:4)
  Psyche (D:12)
  3 ice devils
  A tengu conjurer (D:13)
  A queen bee (Lair:1)
  2 meliai (D:15)
  2 hornets (Swamp:4)
  3 trolls
  5 polar bears
  2 blink frogs (Lair:6)
  2 tyrant leeches
  A slime creature (D:12)
  A dream sheep (Lair:6)
  A vampire (Bailey)
  4 spriggans
  14 yaks
  3 basilisks
  10 vampire mosquitoes
  6 swamp worms
  An acid dragon (D:12)
  7 nagas
  4 water moccasins
  9 orc warriors
  4 swamp drakes
  An ogre (Orc:1)
  7 wolves
  2 centaurs
  2 bullfrogs (D:8)
  A kobold brigand (D:11)
  2 scorpions (D:8)
  8 killer bees (Lair:1)
  3 howler monkeys (D:10)
  A wight (D:7)
  A vampire bat (Bailey)
  A wolf zombie (Bailey)
  An electric eel (Snake:3)
  2 centaur zombies
  7 orc priests
  A hound (D:7)
  8 orc wizards
  A hell rat (Lair:6)
  3 polar bear simulacra
  A wolf simulacrum (D:15)
  A mummy (D:7)
  3 gnolls
  13 orcs
  An endoplasm (D:6)
  A goblin zombie (Ossuary)
  2 hobgoblin zombies (Ossuary)
  3 orc zombies (Bailey)
235 creatures vanquished.

Vanquished Creatures (others)
  A cyclops (D:14)
  2 bloated husks
  A vampire mosquito (Snake:3)
  A swamp drake (Swamp:2)
  An orc wizard (D:9)
  18 battlemagi
  A briar patch (Snake:3)
  10 foxfires
  23 fungi
  49 plants
  8 toadstools (D:6)
115 creatures vanquished.

Grand Total: 1227 creatures vanquished

Notes
Turn   | Place    | Note
-------+----------+-------------------------------------------
     0 | D:1      | cbfl8 the Minotaur Fighter began the quest for the Orb.
     0 | D:1      | Reached XP level 1. HP: 19/19 MP: 0/0
    17 | D:1      | Found Moicvoib's Magic Scroll Emporium.
    17 | D:1      | Found Surphit's Assorted Antiques.
    82 | D:1      | Reached XP level 2. HP: 23/27 MP: 1/1
   156 | D:1      | Found Ruset's Assorted Antiques.
   317 | D:1      | Bought a scroll of identify for 22 gold pieces
   384 | D:1      | Reached skill level 4 in Shields
   647 | D:1      | Reached XP level 3. HP: 33/33 MP: 2/2
   698 | D:1      | Bought a scroll of identify for 22 gold pieces
   927 | D:2      | Reached skill level 1 in Evocations
   994 | D:1      | Bought a scroll of teleportation for 33 gold pieces
  1203 | D:2      | Reached XP level 4. HP: 36/40 MP: 3/3
  1611 | D:3      | Found Itaj's Assorted Antiques.
  1634 | D:3      | Found a hide-covered altar of Uskayaw.
  1634 | D:3      | Found a bloodstained altar of Trog.
  1634 | D:3      | Found a snail-covered altar of Cheibriados.
  1766 | D:3      | Identified a scroll of acquirement
  1767 | D:3      | Acquired a manual of Shields
  2433 | D:1      | Bought a scroll labelled KUSOAH RECSA for 23 gold pieces
  2488 | D:4      | Reached XP level 5. HP: 41/47 MP: 4/4
  2902 | D:4      | Reached XP level 6. HP: 15/53 MP: 1/5
  3331 | D:4      | Reached skill level 5 in Axes
  3802 | D:1      | Bought a scroll labelled SANKUY WOAMOE for 23 gold pieces
  3873 | D:5      | Entered Level 5 of the Dungeon
  3880 | D:5      | Found Zazup's Jewellery Emporium.
  3916 | D:5      | Found a broken altar of Ashenzari.
  4421 | D:5      | Reached skill level 5 in Armour
  4844 | D:5      | Reached skill level 5 in Fighting
  4844 | D:5      | Reached XP level 7. HP: 56/61 MP: 6/6
  4948 | D:5      | Reached skill level 5 in Shields
  5020 | D:5      | Found an ancient bone altar of Kikubaaqudgha.
  5396 | D:1      | Bought a scroll labelled VUHUID KERICSO for 23 gold pieces
  5396 | D:1      | Bought a ruby potion for 20 gold pieces
  5396 | D:1      | Bought a green potion for 20 gold pieces
  5396 | D:1      | Bought a dark potion for 20 gold pieces
  5536 | D:6      | Found a staircase to the Ecumenical Temple.
  5588 | D:6      | Reached XP level 8. HP: 62/69 MP: 7/7
  5602 | Temple   | Entered the Ecumenical Temple
  5634 | Temple   | Became a worshipper of Hepliaklqana the Forgotten
  5775 | D:6      | Noticed Grinder
  5784 | D:6      | Killed Grinder
  5859 | D:6      | Reached skill level 6 in Shields
  6214 | D:6      | Reached * piety under Hepliaklqana
  6240 | D:6      | Found a sparkling altar of Nemelex Xobeh.
  6397 | D:6      | Noticed a slime creature
  6397 | D:6      | Noticed a slime creature
  6559 | D:1      | Bought a scroll of identify for 46 gold pieces
  6796 | D:6      | Killed a slime creature
  6800 | D:6      | Killed a slime creature
  6801 | D:6      | Reached XP level 9. HP: 44/70 MP: 8/8
  7179 | D:7      | Found a runed translucent door.
  7180 | D:7      | Found a shimmering altar of Xom.
  7180 | D:7      | Noticed cbfl8's ghost (novice DsFi)
  7180 | D:7      | Noticed a +0 rapier of chaos
  7287 | D:7      | Found a sand-covered staircase.
  7295 | Ossuary  | Entered an ossuary
  7512 | Ossuary  | Reached skill level 5 in Evocations
  7689 | D:7      | Reached ** piety under Hepliaklqana
  7694 | D:7      | Remembered your ancestor Valentine as a battlemage
  7727 | D:7      | Found a flagged portal.
  7732 | D:7      | Reached skill level 10 in Axes
  7741 | Bailey   | Entered a bailey
  7970 | Bailey   | Reached skill level 7 in Shields
  8183 | Bailey   | Noticed a gargoyle
  8189 | Bailey   | Killed a gargoyle
  8329 | Bailey   | Reached XP level 10. HP: 52/77 MP: 9/9
  9490 | D:1      | Bought a viscous yellow potion for 22 gold pieces
  9490 | D:1      | Bought a scroll labelled ROJAHU ZAACEMN for 25 gold pieces
  9856 | D:8      | Noticed a two-headed ogre
  9871 | D:8      | Killed a two-headed ogre
  9872 | D:8      | Reached skill level 8 in Shields
 10002 | D:8      | Found a shimmering altar of Xom.
 10008 | D:8      | Reached *** piety under Hepliaklqana
 10018 | D:8      | Found a staircase to the Lair.
 11042 | D:9      | Found a basalt altar of Yredelemnul.
 11117 | D:9      | Reached **** piety under Hepliaklqana
 11117 | D:9      | Found a burning altar of Makhleb.
 11212 | D:10     | Entered Level 10 of the Dungeon
 11221 | D:10     | Reached skill level 9 in Shields
 11221 | D:10     | Reached XP level 11. HP: 84/85 MP: 10/10
 11604 | D:10     | Found a stormy altar of Qazlal.
 11663 | D:11     | Noticed a two-headed ogre
 11671 | D:11     | Killed a two-headed ogre
 11953 | D:11     | Found Miuzy's Pet Rocks.
 11955 | D:11     | Noticed Grum
 11987 | D:11     | Noticed a two-headed ogre
 11997 | D:11     | Killed a two-headed ogre
 11998 | D:11     | Reached skill level 10 in Armour
 12298 | D:11     | Found a runed translucent door.
 12305 | D:11     | Found the +3 salamander hide armour {Flames rF++ rC--}
 12329 | D:11     | Reached skill level 10 in Shields
 12352 | D:11     | Noticed Snorg
 12361 | D:11     | Killed Snorg
 12516 | D:11     | Killed Grum
 13195 | D:11     | Reached ***** piety under Hepliaklqana
 13287 | D:11     | Acquired the +0 hat of Fedhas's Scorn {Str+5}
 13417 | D:11     | Noticed a minotaur
 13428 | D:11     | Killed a minotaur
 13429 | D:11     | Reached skill level 11 in Shields
 13929 | D:12     | Reached XP level 12. HP: 74/95 MP: 11/11
 13934 | D:12     | Found a staircase to the Orcish Mines.
 13965 | D:12     | Found a frozen archway.
 14106 | IceCv    | Entered an ice cave
 14371 | IceCv    | Reached skill level 10 in Fighting
 15173 | IceCv    | Noticed a death yak
 15173 | IceCv    | Noticed a death yak
 15174 | IceCv    | Noticed a death yak
 15259 | IceCv    | Killed a death yak
 15447 | IceCv    | Reached skill level 12 in Shields
 15449 | IceCv    | Noticed an ironbound frostheart
 15677 | IceCv    | Reached skill level 15 in Axes
 15947 | IceCv    | Killed a death yak
 15963 | IceCv    | Killed a death yak
 16468 | IceCv    | Killed an ironbound frostheart
 16680 | IceCv    | Noticed a death yak
 16680 | IceCv    | Noticed a death yak
 16699 | IceCv    | Killed a death yak
 16705 | IceCv    | Killed a death yak
 16756 | IceCv    | Identified the ring of Fatigue {*Slow rC++ MP+9}
 16758 | IceCv    | Identified the +1 pair of gloves of Hedging {rPois Int+6
                  | Stlth-}
 16794 | IceCv    | Noticed an ironbound frostheart
 16804 | IceCv    | Killed an ironbound frostheart
 17169 | D:12     | Reached XP level 13. HP: 85/104 MP: 12/12
 17492 | D:12     | Noticed Psyche
 17497 | D:12     | Killed Psyche
 17563 | D:12     | You are sucked into a shaft and drop 3 floors!
 17563 | D:15     | Entered Level 15 of the Dungeon
 17563 | D:15     | Noticed a fire giant
 17563 | D:15     | Found a staircase to the Depths.
 17703 | D:15     | Reached skill level 13 in Shields
 18274 | D:13     | Found Pusomm's Book Emporium.
 18575 | D:13     | Reached skill level 14 in Shields
 20025 | D:5      | Bought an amulet of reflection for 420 gold pieces
 20135 | D:1      | Bought a potion of curing for 75 gold pieces
 20529 | D:13     | Found a gate to the Vaults.
 20691 | D:13     | Reached skill level 10 in Evocations
 21016 | D:13     | Gained mutation: You possess an exceptional clarity of
                  | mind. [potion of mutation]
 21016 | D:13     | Gained mutation: You are frail. (-10% HP) [potion of
                  | mutation]
 21016 | D:13     | Gained mutation: Your natural rate of healing is unusually
                  | fast. [potion of mutation]
 21039 | D:14     | Noticed Jorgrun
 21216 | D:14     | Killed Jorgrun
 22057 | D:15     | Reached skill level 15 in Shields
 22407 | D:15     | Reached XP level 14. HP: 88/100 MP: 13/13
 22471 | D:15     | Killed a fire giant
 23058 | Lair:1   | Entered Level 1 of the Lair of Beasts
 23477 | Lair:1   | Found a runed translucent gate.
 23477 | Lair:1   | Found a runed translucent gate.
 23479 | Lair:1   | Found a runed translucent gate.
 23481 | Lair:1   | Noticed hogiebunz's ghost (journeyman GrBe)
 23481 | Lair:1   | Noticed macfelon's ghost (novice HuCj)
 23481 | Lair:1   | Noticed sigtrap's ghost (journeyman TrBe)
 24062 | Lair:1   | Killed hogiebunz's ghost
 24063 | Lair:1   | Killed macfelon's ghost
 24065 | Lair:1   | Killed sigtrap's ghost
 24301 | Lair:1   | Identified the +2 war axe of Fimbulwinter {flame, rElec rF+
                  | Str-4 Int+4}
 24407 | Lair:2   | Noticed Harold
 24415 | Lair:2   | Killed Harold
 24416 | Lair:2   | Reached skill level 16 in Shields
 25353 | Lair:3   | Reached skill level 17 in Shields
 25407 | Lair:3   | Found a runed translucent door.
 25622 | Lair:3   | Found a staircase to the Swamp.
 25646 | Lair:3   | Found a staircase to the Snake Pit.
 26222 | Lair:3   | Identified the ring "Ohoumiusai" {rElec Will+ Str+3}
 26533 | D:7      | Killed cbfl8's ghost
 26864 | Lair:4   | Reached XP level 15. HP: 62/108 MP: 14/14
 27928 | Lair:5   | Identified the amulet "Hanele" {Spirit Rampage}
 28027 | Lair:5   | Reached ****** piety under Hepliaklqana
 28157 | Lair:5   | Reached skill level 15 in Armour
 28204 | Lair:5   | Found a viscous altar of Jiyva.
 28204 | Lair:5   | Found a staircase to the Slime Pits.
 28614 | Lair:6   | Entered Level 6 of the Lair of Beasts
 28628 | Lair:6   | Reached skill level 18 in Shields
 29236 | Lair:6   | Reached skill level 1 in Invocations
 29236 | Lair:6   | Reached XP level 16. HP: 117/117 MP: 14/16
 30428 | Orc:1    | Entered Level 1 of the Orcish Mines
 30443 | Orc:1    | Found Daon's Armour Shop.
 30473 | Orc:2    | Entered Level 2 of the Orcish Mines
 30551 | Orc:1    | Found Vomi's Weapon Shop.
 30731 | Orc:1    | Found Rucioz's Weapon Shoppe.
 30755 | Orc:1    | Found Omonk's Jewellery Shop.
 30832 | Orc:1    | Found Imod Tir's Distillery.
 31216 | Orc:2    | Found a staircase to the Elven Halls.
 31396 | Orc:2    | Found Beillek's Distillery.
 31401 | Orc:2    | Found Ogatohe's Magic Scroll Shop.
 31473 | Orc:2    | Reached XP level 17. HP: 115/123 MP: 17/17
 31484 | Orc:2    | Reached skill level 19 in Shields
 31585 | Orc:2    | Found Kywepot's Book Emporium.
 31585 | Orc:2    | Found Mueqopn's Antique Weapon Shoppe.
 31585 | Orc:2    | Found a one-way gate leading to the halls of Pandemonium.
 31643 | Orc:2    | Bought a scroll of teleportation for 39 gold pieces
 31643 | Orc:2    | Bought 2 scrolls of magic mapping for 91 gold pieces
 31933 | Orc:2    | Bought a potion of curing for 48 gold pieces
 31933 | Orc:2    | Bought a potion of curing for 48 gold pieces
 31933 | Orc:2    | Bought a potion of curing for 48 gold pieces
 32223 | D:5      | Bought the ring of Satyriasis {rElec rF+ rC+ Will+} for 722
                  | gold pieces
 32462 | Orc:1    | Bought a potion of mutation for 120 gold pieces
 32462 | Orc:1    | Bought a potion of mutation for 120 gold pieces
 32760 | Swamp:1  | Entered Level 1 of the Swamp
 32766 | Swamp:1  | Reached skill level 15 in Fighting
 33842 | Swamp:2  | You fall into a shaft and drop 1 floor!
 34514 | Swamp:2  | Identified the +1 flail of the Thing {flame, Will+}
 34702 | Swamp:3  | Noticed a tentacled monstrosity
 34708 | Swamp:3  | Killed a tentacled monstrosity
 35586 | Snake:1  | Entered Level 1 of the Snake Pit
 35590 | Snake:1  | Reached skill level 20 in Shields
 35890 | Snake:1  | Found Aschifo's Antique Weapon Emporium.
 36024 | Snake:1  | Found Exuene's One-of-a-Kind Rings.
 36110 | Snake:1  | Reached XP level 18. HP: 113/132 MP: 18/18
 37363 | Snake:3  | Identified the ring of Kaosmu {rC+ Str+3 Stlth+}
 37899 | Snake:3  | Noticed Aizul
 37900 | Snake:3  | Noticed Vashnia
 37904 | Snake:4  | Entered Level 4 of the Snake Pit
 38026 | Snake:4  | Reached skill level 21 in Shields
 39778 | Snake:3  | Noticed a tentacled monstrosity
 40049 | Snake:3  | Killed a tentacled monstrosity
 40324 | Snake:3  | Killed Aizul
 40639 | Snake:3  | Killed Vashnia
 41069 | Swamp:4  | Entered Level 4 of the Swamp
 42486 | Swamp:4  | Reached skill level 22 in Shields
 42958 | Swamp:3  | HP: 1/134 [19-headed hydra (12)]
 42958 | Swamp:3  | Mangled by a 19-headed hydra

Illustrated notes

Levels and vault maps discovered:
D:1:      minmay_arrival_wavy_path, layout_basic, serial_shops,
          nicolae_shop_stone, shop, shop
D:2:      layout_rooms
D:3:      layout_loops_ring, gammafunk_temple_overflow_forgotten, serial_shops,
          shop, grunt_decor_clamped, minmay_between
D:4:      layout_loops_ring
D:5:      layout_basic, cheibrodos_ashenzari_chains,
          lemuel_mausoleum_altar_kikubaaqudgha, serial_shops,
          kennysheep_mini_moat, kennysheep_generic_room_12
D:6:      cheibrodos_fertilizer, layout_gridville,
          mainiacjoe_overflow_surrounded_room, minmay_temple_entry_glass,
          chequers_serial_rivers_room_b, uniq_grinder
D:7:      layout_basic, gup_ossuary_entry_pyramid, ebering_ghost_xom,
          enter_bailey_2
D:8:      layout_basic, overflow_temple_1_default,
          grunt_lair_entry_orc_guard_hut
D:9:      layout_rooms, bloody_makhleb, yredelemnul_forgotten_temple_becter
D:10:     layout_big_octagon, kennysheep_little_box
D:11:     dreamdust_labyrinth, layout_stronghold, gauntlet_entry_generic,
          guppyfry_shop_earth, uniq_snorg, uniq_grum
D:12:     layout_basic, orc_0_dummy, portal_ice_cave_demonic_guard,
          onia_ninara_dug_in_and_dangerous, uniq_psyche
D:13:     layout_cave_pods, david_vaults_1, nicolae_take_the_stairs
D:14:     layout_roguey, uniq_jorgrun
D:15:     grunt_enter_depths_giant_problem, layout_rooms, eino_house_with_fridge
Temple:   nicolae_temple_x_marks_the_god
Lair:1:   layout_cave_pods, gammafunk_ghost_cemetery, special_room
          [special_room_bee]
Lair:2:   layout_hall_layers, uniq_harold
Lair:3:   layout_chaotic_city, swamp_mist, guppyfry_snake_entry_garden,
          pf_torpor_hydra, grunt_megastairs_1
Lair:4:   dreamdust_isle_of_ice, layout_cave_pods, minivault_19,
          beast_lair_carwin_4
Lair:5:   layout_hall_layers, slime_altar_1, serial_bayou_crossing
Lair:6:   minmay_lair_end_enchanted_forest, layout_cave_pods,
          serial_bayou_shore_a, lemuel_fruit_tree, grunt_megastairs_5,
          serial_bayou_shore_b
Swamp:1:  layout_basic_swamp, evilmike_swamp_ruin_wall, swamp_pool2,
          infiniplex_staircase_pool
Swamp:2:  layout_falls_marsh, evilmike_swamp_ruin_house_4
Swamp:3:  layout_basic_swamp, evilmike_swamp_ruin_house_5
Swamp:4:  swamp, layout_basic_swamp, swamp_pool4, nicolae_swamp_dragon_and_kin,
          infiniplex_staircase_pool_2
Snake:1:  layout_grid_shapes, serial_shops, nicolae_shop_hallway_stairs,
          nicolae_shop_unique_rings
Snake:2:  layout_onion_interference
Snake:3:  onia_ninara_swampy_vault, layout_onion_interference,
          nicolae_snake_bzzzt, uniq_aizul, uniq_vashnia
Snake:4:  hellmonk_snake_rune_quicksilver_temple, layout_onion
Orc:1:    layout_diamond_mine, serial_shops, nicolae_shop_advertising_works
          [nicolae_subvault_shop_adworks], nicolae_shop_bloodbath_and_beyond,
          nicolae_shop_behind_doors, shop, shop, basic_altar
Orc:2:    pf_orc_diabolical, layout_caves, nicolae_orc_sculptors_studio

Skill      XL: |  1  2  3  4  5  6  7  8  9 10 11 12 13 14 15 16 17 18 |
---------------+-------------------------------------------------------+-----
Shields        | 4 5 6 7 9 11 12 15 17 18 20 22 | 22.1
Fighting       | 4 5 6 7 8 9 11 12 13 14 15 16 | 16.7
Armour         | 4 5 6 7 8 9 10 12 13 14 15 16 17 | 17.5
Axes           | 3 4 5 7 9 11 12 14 15 16 17 18 19 | 19.9
Evocations     | 1 2 3 4 5 6 8 9 10 11 12 13 14 | 14.5
Maces & Flails | 2 |  2.0
Invocations    | 1 |  1.6

Action                   |  1- 3 |  4- 6 |  7- 9 | 10-12 | 13-15 | 16-18 || total
-------------------------+-------+-------+-------+-------+-------+-------++-------
Melee: War axe           |    77 |   138 |   253 |   484 |    63 |       ||  1015
       Headbutt          |     8 |    21 |    53 |   135 |   154 |   208 ||   579
       Broad axe         |       |       |       |       |   493 |   794 ||  1287
Invok: Recall Ancestor   |       |       |     1 |       |     2 |     4 ||     7
       Ancestor Identity |       |       |     1 |       |       |       ||     1
       Ancestor Life: Ba |       |       |     1 |       |       |       ||     1
Evoke: Wand              |       |       |       |    20 |     6 |    23 ||    49
  Use: Scroll            |     2 |     4 |     8 |    11 |    24 |     8 ||    57
       Potion            |       |       |     5 |     8 |     6 |     4 ||    23
 Stab: Distracted        |       |       |     1 |    11 |    21 |    34 ||    67
       Paralysed         |       |       |       |     7 |     8 |       ||    15
       Held in net/web   |       |       |       |       |     1 |       ||     1
       Confused          |       |       |       |       |       |     4 ||     4
Armor: Scale mail        |    34 |     8 |       |       |       |       ||    42
       Plate armour      |       |    92 |   128 |   303 |   296 |   334 ||  1153
Dodge: Dodged            |    40 |    43 |    71 |   127 |   104 |   127 ||   512
Block: Buckler           |    17 |    32 |    76 |   164 |       |       ||   289
       Tower shield      |       |       |       |    27 |   674 |  1024 ||  1725
       Reflection        |       |       |       |       |     7 |    82 ||    89
